General information
- name: BNet
- type: Ladder team game (AT/RT)
- host: Battle.net
- saver: Bromeister
map: Typhoon
- players: 6
- length: 06:11
- speed: Fast
- version: 1.26 W3XP
- replay type: Public
» download(42 KB)
Players
team 1 (winner)
ledoc (
yellow | 103 APM | 634 actions | 06:09)
2 Archmage
1 Summon Water Elemental
1 Brilliance Aura
» actions
| Assign group hotkey | 13 | |
| Build / train | 19 | |
| Enter build submenu | 12 | |
| Enter hero's abilities submenu | 2 | |
| Right click | 289 | |
| Select / deselect | 63 | |
| Select group hotkey | 221 | |
| Use ability | 15 | |
634 total
» units
| Peasant | 7 | |
| Footman | 5 | |
| Rifleman | 1 | |
13 total
» buildings
| Altar of Kings | 1 | |
| Farm | 5 | |
| Barracks | 1 | |
| Scout Tower | 1 | |
| Arcane Tower | 1 | |
| Lumber Mill | 1 | |
| Keep | 1 | |
| Blacksmith | 1 | |
| Arcane Vault | 1 | |
13 total
» build order
00:08 Altar of Kings
00:28 Farm
00:38 Barracks
01:09 Farm
01:20 Scout Tower
01:45 Farm
01:53 Arcane Tower
02:39 Lumber Mill
03:29 Keep
03:45 Farm
04:25 Blacksmith
04:58 Farm
05:05 Arcane Vault
Bromeister (
pink | 86 APM | 531 actions | 06:11)
1 Mountain King
1 Storm Bolt
» actions
| Assign group hotkey | 3 | |
| Basic commands | 4 | |
| Build / train | 23 | |
| Enter build submenu | 15 | |
| Enter hero's abilities submenu | 1 | |
| Remove unit from queue | 4 | |
| Right click | 315 | |
| Select / deselect | 96 | |
| Select group hotkey | 33 | |
| Use ability | 37 | |
531 total
» units
» upgrades
» buildings
| Lumber Mill | 1 | |
| Scout Tower | 11 | |
| Guard Tower | 7 | |
| Altar of Kings | 1 | |
| Farm | 1 | |
| Arcane Tower | 1 | |
| Keep | 1 | |
23 total
» build order
00:13 Lumber Mill
00:50 Scout Tower
01:16 Guard Tower
01:20 Scout Tower
01:38 Altar of Kings
01:46 Farm
01:54 Guard Tower
01:57 Scout Tower
02:01 Scout Tower
02:14 Scout Tower
02:39 Guard Tower
02:41 Guard Tower
02:50 Arcane Tower
03:06 Scout Tower
03:48 Keep
04:00 Scout Tower
04:03 Scout Tower
05:00 Guard Tower
05:01 Guard Tower
05:03 Scout Tower
05:06 Scout Tower
05:08 Scout Tower
noad (
green | 36 APM | 224 actions | 06:09)
2 Dreadlord
1 Sleep
1 Vampiric Aura
» actions
| Assign group hotkey | 2 | |
| Basic commands | 11 | |
| Build / train | 13 | |
| Enter build submenu | 10 | |
| Enter hero's abilities submenu | 2 | |
| Right click | 117 | |
| Select / deselect | 52 | |
| Select group hotkey | 5 | |
| Use ability | 12 | |
224 total
» units
» buildings
| Altar of Darkness | 1 | |
| Ziggurat | 3 | |
| Crypt | 2 | |
| Tomb of Relics | 1 | |
| Graveyard | 1 | |
8 total
» build order
00:07 Altar of Darkness
00:09 Ziggurat
00:39 Crypt
01:03 Tomb of Relics
01:38 Crypt
02:08 Graveyard
02:14 Ziggurat
03:14 Ziggurat
team 2 (loser)
paidlee (
red | 107 APM | 661 actions | 06:08)
1 Death Knight
1 Death Coil
» actions
| Assign group hotkey | 10 | |
| Basic commands | 55 | |
| Build / train | 19 | |
| Enter build submenu | 7 | |
| Enter hero's abilities submenu | 1 | |
| Right click | 296 | |
| Select / deselect | 210 | |
| Select group hotkey | 52 | |
| Use ability | 11 | |
661 total
» units
| Acolyte | 2 | |
| Ghoul | 1 | |
| Crypt Fiend | 11 | |
14 total
» buildings
| Graveyard | 1 | |
| Crypt | 1 | |
| Altar of Darkness | 1 | |
| Ziggurat | 3 | |
| Tomb of Relics | 1 | |
| Halls of the Dead | 1 | |
8 total
» build order
00:09 Graveyard
00:18 Crypt
00:42 Altar of Darkness
00:58 Ziggurat
01:29 Tomb of Relics
02:01 Ziggurat
03:58 Halls of the Dead
04:24 Ziggurat
» items
LLcoolcraft (
purple | 54 APM | 322 actions | 05:59)
1 Keeper of the Grove
1 Entangling Roots
» actions
| Assign group hotkey | 2 | |
| Basic commands | 6 | |
| Build / train | 27 | |
| Enter build submenu | 9 | |
| Enter hero's abilities submenu | 3 | |
| Remove unit from queue | 3 | |
| Right click | 134 | |
| Select / deselect | 57 | |
| Select group hotkey | 64 | |
| Use ability | 17 | |
322 total
» units
» buildings
| Moon Well | 3 | |
| Altar of Elders | 1 | |
| Tree of Ages | 1 | |
| Hunter's Hall | 1 | |
| Tree of Life | 1 | |
| Ancient Protector | 2 | |
9 total
» build order
00:09 Moon Well
00:11 Altar of Elders
02:37 Tree of Ages
02:57 Moon Well
03:00 Moon Well
03:31 Hunter's Hall
04:25 Tree of Life
05:28 Ancient Protector
05:30 Ancient Protector

»
doomsday2012 (
orange | 61 APM | 367 actions | 06:03)
1 Blademaster
1 Wind Walk
» actions
| Assign group hotkey | 3 | |
| Basic commands | 11 | |
| Build / train | 12 | |
| Enter build submenu | 10 | |
| Enter hero's abilities submenu | 1 | |
| Right click | 170 | |
| Select / deselect | 140 | |
| Select group hotkey | 3 | |
| Use ability | 17 | |
367 total
» units
| Peon | 6 | |
| Grunt | 1 | |
| Troll Headhunter/Berserker | 2 | |
9 total
» buildings
| Altar of Storms | 1 | |
| Orc Burrow | 2 | |
| Barracks | 2 | |
| War Mill | 1 | |
| Stronghold | 1 | |
| Voodoo Lounge | 1 | |
8 total
» build order
00:12 Altar of Storms
00:15 Orc Burrow
00:33 Barracks
01:27 Barracks
02:03 War Mill
04:34 Orc Burrow
04:50 Stronghold
05:50 Voodoo Lounge
Chat log
(00:11 / Allies) ledoc: units?
(00:16 / Allies) Bromeister: im pro tower rusher
(00:17 / All) ledoc: coolcraft again!
(00:18 / Allies) Bromeister: just mass
(00:23 / Allies) noad: kk
(00:28 / All) LLcoolcraft: it LL
(00:31 / Allies) noad: i will get necs n siege
(00:36 / Allies) Bromeister: dude just ghouls for first
(00:42 / Allies) ledoc: foot am pala
(00:48 / Allies) noad: NOPE! jk man
(00:53 / Allies) noad: i know ghouls first
(01:03 / Allies) Bromeister: mass ghouls with dreadlord with sleep
(01:16 / Allies) noad: ok Im going gargoyles with lich
(01:27 / Allies) ledoc: foot rifle
(02:04 / All) LLcoolcraft: it LLcoolcraft
(02:24 / Allies) Bromeister: lol he scouted me
(02:27 / Allies) ledoc: spoted
(02:31 / Allies) Bromeister: wood me
(02:35 / Allies) Bromeister: fast
(02:43 / Allies) Bromeister: can u help
(02:56 / Allies) ledoc: send more peion
(03:01 / Allies) Bromeister: yes
(03:11 / Allies) Bromeister: fucker
(03:32 / Allies) Bromeister: fiends
(03:38 / Allies) Bromeister: surround
(04:47 / Allies) ledoc: towers
(05:19 / Allies) ledoc: tp ud
(05:31 / Allies) Bromeister: bm
(05:31 / Allies) Bromeister: bm
(05:32 / Allies) Bromeister: he has no mana
(05:35 / All) Bromeister: LOL GG
(05:58 / All) Bromeister: LOL
(06:02 / Allies) Bromeister: hit them now
(06:07 / All) Bromeister: gg
(06:08 / All) Bromeister: i raped